 Dungeon Crawl Stone Soup version 0.21-a0-513-gdcb3f5e (webtiles) character file.

319 theanonym the Cudgeler (level 6, -5/40 HPs)
             Began as a Gargoyle Fighter on Dec 2, 2017.
             Slain by Prince Ribbit (10 damage)
             ... on level 5 of the Dungeon.
             The game lasted 00:06:19 (3063 turns).

theanonym the Cudgeler (Gargoyle Fighter)           Turns: 3063, Time: 00:06:19

Health: -5/40      AC: 11    Str: 26    XL:     6   Next: 45%
Magic:  6/6        EV:  7    Int:  9    God:
Gold:   357        SH:  9    Dex:  9    Spells: 5/5 levels left

rFire    . . .     SeeInvis .   a - +0 flail
rCold    . . .     Gourm    .   c - +0 shield
rNeg     + . .     Faith    .   b - +0 scale mail
rPois    ∞         Spirit   .   (no helmet)
rElec    +         Reflect  .   (no cloak)
rCorr    .         Harm     .   (no gloves)
MR       .....                  (no boots)
Stlth    ..........             (no amulet)
HPRegen  0.13/turn              s - ring of flight {+Fly}
MPRegen  0.10/turn              (no ring)

@: mighty, about to teleport
A: negative energy resistance 1, electricity resistance, unbreathing,
petrification resistance, rot immunity, AC +4
a: Evoke Flight


Innate Abilities, Weirdness & Mutations

You are resistant to torment.
Your stone body is resilient. (AC +4)
You are immune to poison.
You resist negative energy. (rN+)
You are resistant to electric shocks. (rElec)
You can survive without breathing.
You are immune to petrification.
You are immune to rotting.


   Skills:
 + Level 5.1 Fighting
 * Level 5.5 Maces & Flails
 - Level 3.2 Armour
 - Level 3.2 Shields


You had 5 spell levels left.
You didn't know any spells.

Skill      XL: |  1  2  3  4  5 |
---------------+----------------+-----
Maces & Flails | 3 4 5 |  5.5
Fighting       | 4 5 |  5.1
Armour         | |  3.2
Shields        | |  3.2

Action                   |  1- 3 |  4- 6 || total
-------------------------+-------+-------++-------
Melee: Flail             |   109 |   165 ||   274
Evoke: Wand              |       |     4 ||     4
  Use: Scroll            |       |     2 ||     2
       Potion            |       |     2 ||     2
  Eat: Meat ration       |       |     1 ||     1
       Chunk             |       |     1 ||     1
Armor: Scale mail        |    75 |    80 ||   155
Dodge: Dodged            |    36 |    50 ||    86
Block: Shield            |    65 |   111 ||   176

Inventory:

Hand Weapons
 a - a +0 flail (weapon)
Missiles
 h - 5 javelins of penetration (quivered)
Armour
 b - a +0 scale mail (worn)
 c - a +0 shield (worn)
 e - a +1 helmet
   (You found it on level 1 of the Dungeon)
Jewellery
 s - a ring of flight (left hand) {+Fly}
   (You found it on level 4 of the Dungeon)
Wands
 m - a wand of flame (33)
   (You found it on level 2 of the Dungeon)
Scrolls
 l - a scroll of fear {unknown}
 p - 2 scrolls of remove curse
 q - a scroll of random uselessness {unknown}
 r - a scroll of identify
 t - a scroll of teleportation {!r}
 x - a scroll of torment {unknown}
Potions
 d - 2 potions of might
 g - a potion of flight {unknown}
 j - 2 potions of cancellation {unknown}
 k - a potion of lignification {unknown}
 n - a potion of magic {unknown}
 u - 2 potions of resistance {unknown}
 v - a potion of mutation {unknown}
 w - 2 potions of curing
Comestibles
 f - 4 bread rations
 i - 3 meat rations
 o - a royal jelly

Dungeon Overview and Level Annotations

Branches:
Dungeon (5/15)
 Temple: D:4-7

Altars:
Fedhas
Nemelex Xobeh
Ru

Shops:
D:4 %

Annotations:
D:5 Prince Ribbit


You were on level 5 of the Dungeon.
You were very hungry.

You visited 1 branch of the dungeon, and saw 5 of its levels.

You collected 357 gold pieces.


Message History

Found a meat ration.
A leopard gecko is nearby!
A leopard gecko is nearby!
A leopard gecko is nearby!
A leopard gecko is nearby!
A leopard gecko comes into view.
The leopard gecko hisses angrily.
A shadow imp comes into view.
The shadow imp shouts, "Out, out, thou peaked doghearted brigand!"
You see here a royal jelly.
You block the leopard gecko's attack.
The leopard gecko bites you but does no damage.
You hit the leopard gecko.
You kill the leopard gecko!
You barely miss the leopard gecko. You block the leopard gecko's attack.
You thump the leopard gecko!
You kill the leopard gecko!
The shadow imp gestures at you. Pain shoots through your body!
You take 5 damage, and have 35/40 hp.
You sock the shadow imp! The shadow imp closely misses you.
You closely miss the shadow imp. The shadow imp barely misses you.
You closely miss the shadow imp. The shadow imp closely misses you.
You barely miss the shadow imp. You block the shadow imp's attack.
Your shield prevents you from hitting the shadow imp.
You block the shadow imp's attack.
You hit the shadow imp. The shadow imp hits you.
The shadow imp hits you but does no damage.
You take 3 damage, and have 33/40 hp.
Your shield and scale mail prevent you from hitting the shadow imp.
The shadow imp closely misses you.
You sock the shadow imp!
You kill the shadow imp!
No target in view!
No target in view!
You start resting.
w - a royal jelly
i - 3 meat rations (gained 1)
You are feeling very hungry.
Health restored: 40
x - a scroll labeled VEDIXE MYUKA
Found a robe.
A worker ant comes into view.
A worker ant is nearby!
Prince Ribbit comes into view.
Prince Ribbit croaks.
You closely miss the worker ant. You block the worker ant's attack.
You sock the worker ant!
Prince Ribbit blinks!
The worker ant barely misses you.
The worker ant bites you but does no damage.
You barely miss the worker ant. You block the worker ant's attack.
You closely miss the worker ant. You block the worker ant's attack.
You completely miss the worker ant. You block the worker ant's attack.
The worker ant bites you.
You take 2 damage, and have 38/40 hp.
You closely miss the worker ant.
The worker ant bites you but does no damage.
You block the worker ant's attack.
You feel very mighty all of a sudden. Prince Ribbit hits you!
The worker ant bites you but does no damage.
You take 14 damage, and have 25/40 hp.
MASSIVE DAMAGE!!
You barely miss the worker ant. Prince Ribbit barely misses you.
You block the worker ant's attack. Prince Ribbit hits you!
* * * LOW HITPOINT WARNING * * *
You take 10 damage, and have 15/40 hp.
MASSIVE DAMAGE!!
You closely miss the worker ant. The worker ant bites you.
* * * LOW HITPOINT WARNING * * *
Prince Ribbit hits you.
* * * LOW HITPOINT WARNING * * *
The worker ant bites you but does no damage.
You take 6 damage, and have 9/40 hp.
It was a potion of curing.
You feel better.
w - 2 potions of curing;
o - a royal jelly Prince Ribbit misses you.
The worker ant bites you but does no damage.
You block Prince Ribbit's attack.
You regained 10 hp, and now have 19/40 hp.
You closely miss Prince Ribbit. You block Prince Ribbit's attack.
The worker ant barely misses you. Prince Ribbit hits you!
* * * LOW HITPOINT WARNING * * *
You take 14 damage, and have 5/40 hp.
MASSIVE DAMAGE!!
The worker ant barely misses you.
Prince Ribbit blinks!
You barely miss the worker ant. You block the worker ant's attack.
As you read the scroll labeled PAROSO YLAOCK, it crumbles to dust.
It is a scroll of identify.
p - 2 scrolls of remove curse;
r - a scroll of identify
g - a lumpy coppery potion The worker ant barely misses you.
The worker ant bites you but does no damage.
As you read the scroll labeled PIPNET WAOKE, it crumbles to dust.
You feel strangely unstable.
It was a scroll of teleportation.
t - a scroll of teleportation;
q - a scroll labeled XUENLE TISI The worker ant bites you but does no damage.
You hit the worker ant. You block the worker ant's attack.
You closely miss the worker ant. Prince Ribbit hits you.
* * * LOW HITPOINT WARNING * * *
You block the worker ant's attack. Prince Ribbit hits you!
You die...

##..##
#.......#
#.##
#......##
##.#
#......#
#..#
#.....##
#.##
#.....#
##.#
#....##
#.## #....#
##.# #....#
###..#
#..@##
##....#
##.Fa#
##..##..#
#....#
...####..#
#....# .###
..# #....#
##
#[.##.....#
#.##.....#
........#
#.......#


You could see Prince Ribbit and a worker ant.

Notes
Turn   | Place    | Note
-------+----------+-------------------------------------------
     0 | D:1      | theanonym the Gargoyle Fighter began the quest for the Orb.
     0 | D:1      | Reached XP level 1. HP: 14/14 MP: 1/1
   132 | D:1      | Reached XP level 2. HP: 19/19 MP: 2/2
   373 | D:1      | Reached skill level 3 in Maces & Flails
   380 | D:1      | Reached XP level 3. HP: 24/24 MP: 3/3
   794 | D:2      | Found a blossoming altar of Fedhas.
   876 | D:2      | Reached skill level 4 in Fighting
   978 | D:2      | Found a sparkling altar of Nemelex Xobeh.
  1022 | D:2      | Reached XP level 4. HP: 29/29 MP: 4/4
  1537 | D:3      | Reached skill level 4 in Maces & Flails
  1863 | D:4      | Found Xauchasa's Food Boutique.
  1891 | D:4      | Reached XP level 5. HP: 21/34 MP: 5/5
  2021 | D:4      | HP: 12/34 [iguana (10)]
  2311 | D:4      | Noticed an ogre
  2316 | D:4      | Killed an ogre
  2316 | D:4      | Reached skill level 5 in Fighting
  2316 | D:4      | Reached skill level 5 in Maces & Flails
  2316 | D:4      | Reached XP level 6. HP: 40/40 MP: 6/6
  2669 | D:4      | Found a sacrificial altar of Ru.
  2747 | D:5      | Entered Level 5 of the Dungeon
  3045 | D:5      | Noticed Prince Ribbit
  3053 | D:5      | HP: 15/40 [Prince Ribbit (10)]
  3056 | D:5      | HP: 5/40 [Prince Ribbit (14)]
  3063 | D:5      | HP: 5/40 [Prince Ribbit (1)]
  3063 | D:5      | Slain by Prince Ribbit

Vanquished Creatures
  An ogre (D:4)
  A hound (D:4)
  2 iguanas (D:4)
  A worker ant (D:4)
  3 adders
  A shadow imp (D:5)
  An ooze (D:3)
  2 worms
  3 dart slugs (D:1)
  8 leopard geckos
  2 orcs (D:4)
  7 giant cockroaches
  6 goblins
  8 hobgoblins
  2 jackals (D:4)
  5 kobolds
  3 ball pythons (D:1)
  6 bats (D:1)
  3 frilled lizards
  8 rats
73 creatures vanquished.
